 Dungeon Crawl Stone Soup version 0.20-b1-24-gb21faa7 (webtiles) character file.

16502 SedStubbie the Cleaver (level 12, -9/103 HPs)
             Began as a Barachi Berserker on May 25, 2017.
             Was a High Priest of Trog.
             Shot with an arrow by Nessos (20 damage)
             ... on level 4 of the Lair of Beasts.
             The game lasted 00:36:59 (11360 turns).

SedStubbie the Cleaver (Barachi Berserker)         Turns: 11360, Time: 00:37:00

Health: -9/103     AC: 25    Str: 23    XL:     12   Next: 38%
Magic:  12/12      EV: 10    Int:  8    God:    Trog [*****.]
Gold:   550        SH:  0    Dex: 19    Spells: 11/11 levels left

rFire    . . .     SeeInvis +   o - +3 war axe (flame)
rCold    . . .     Gourm    .   (no shield)
rNeg     + . .     Faith    .   x - +7 chain mail of Winter {*Slow rN+ Regen+ Stlth+}
rPois    +         Spirit   .   (helmet restricted)
rElec    .         Reflect  .   I - +0 cloak
rCorr    .         Harm     .   l - +1 pair of gloves
MR       .....                  j - +0 pair of boots {Fly}
Stlth    ..........             Q - amulet of regeneration
Regen    1.1/turn               v - +3 ring of dexterity
MPRegen  0.2/turn               b - ring "Asup" {rPois Dex+4 Slay+5 SInv}

@: lethally poisoned (-9 -> -9), berserk cooldown, flying, very slightly
contaminated, slowed, drained, very slow
A: +LOS, swims, horns 1, slowness 1, strong legs 1
a: Hop, Berserk, Trog's Hand, Brothers in Arms, Burn Spellbooks, Renounce
Religion, Stop Flying


You were on level 4 of the Lair of Beasts.
You worshipped Trog.
Trog was extremely pleased with you.
You were hungry.

You visited 4 branches of the dungeon, and saw 15 of its levels.

You collected 795 gold pieces.
You spent 245 gold pieces at shops.

Inventory:

Hand Weapons
 o - a +3 war axe of flaming (weapon)
 s - a +2 hand axe of chopping
 u - the +2 falchion of Boxzam {elec, -Tele rPois rN++ Dex+4}
   (You found it on level 5 of the Dungeon)

   Occasionally, upon striking a foe, it will discharge some electrical energy
   and cause terrible harm.
   It affects your dexterity (+4).
   It protects you from poison.
   It greatly protects you from negative energy.
   It prevents most forms of teleportation.
 M - a +2 halberd of freezing
Missiles
 F - 8 javelins (quivered)
Armour
 j - a +0 pair of boots of flying (worn)
 l - a +1 pair of gloves (worn)
 p - a +2 helmet
 w - a +0 plate armour of positive energy
 x - the +7 chain mail of Winter (worn) {*Slow rN+ Regen+ Stlth+}
   (You bought it in a shop on level 5 of the Dungeon)

   It protects you from negative energy.
   It increases your rate of regeneration.
   It may slow you when you take damage.
   It makes you more stealthy.
 I - a +0 cloak (worn)
 N - the +4 ring mail "Upninnif" {Slay+3}
   (You found it on level 2 of the Lair of Beasts)

   It affects your accuracy and damage with ranged weapons and melee attacks
   (+3).
Jewellery
 b - the ring "Asup" (right hand) {rPois Dex+4 Slay+5 SInv}
   (You acquired it on level 5 of the Dungeon)

   [ring of poison resistance]

   It affects your dexterity (+4).
   It affects your accuracy and damage with ranged weapons and melee attacks
   (+5).
   It protects you from poison.
   It lets you see invisible.
 m - an uncursed ring of protection from fire
 v - a +3 ring of dexterity (left hand)
 y - an uncursed ring of positive energy
 H - an uncursed ring of teleportation
 Q - an amulet of regeneration (around neck)
Wands
 B - a wand of confusion (41/48)
 E - a wand of polymorph (8/24)
 P - a wand of flame (21/48)
Scrolls
 a - 4 scrolls of identify
 f - 2 scrolls of remove curse
 h - 2 scrolls of recharging
 i - 6 scrolls of teleportation
 k - a scroll of blinking
 n - 4 scrolls of fog
 q - a scroll of noise {unknown}
 t - 3 scrolls of magic mapping
 z - 2 scrolls of fear
 A - a scroll of immolation {unknown}
 J - a scroll of enchant armour
Potions
 e - 3 potions of might
 g - 7 potions of curing
 r - 3 potions of haste
 D - a potion of magic
 K - a potion of ambrosia
 L - 2 potions of berserk rage
 O - 4 potions of agility
 S - a potion of resistance {unknown}
Comestibles
 c - 7 bread rations
 d - 3 meat rations
 C - 3 royal jellies
 G - 11 fruits
 R - 3 chunks of flesh


   Skills:
 + Level 12.7(12.4) Fighting
 * Level 14.4(14.1) Axes
 + Level 12.3(12.0) Armour
 - Level 2.1(1.9) Dodging


You had 11 spell levels left.
You didn't know any spells.

Dungeon Overview and Level Annotations

Branches:
Dungeon (9/15)             Temple (1/1) D:7            Lair (4/6) D:9
 Shoals (1/4) Lair:2        Snake (0/4) Lair:2
    Orc: D:9-12

Altars:
Ashenzari
Cheibriados
Elyvilon
Fedhas
Gozag
Hepliaklqana
Kikubaaqudgha
Nemelex Xobeh
Okawaru
Qazlal
Sif Muna
Uskayaw
Vehumet
Xom
Yredelemnul
Zin

Shops:
D:5 }%(![*(   D:8 *

Annotations:
Lair:4 Nessos


Innate Abilities, Weirdness & Mutations

Shadows flee at your approach. (+LOS)
You can swim through water.
You cover ground slowly.
You can hop short distances.
You have a pair of small horns on your head.


Message History

Nessos shoots an arrow.
The arrow hits you! The arrow burns you!
* * * LOW HITPOINT WARNING * * *
You can move again.
You see here 3 arrows.
You feel better.
Nessos shoots an arrow.
The arrow closely misses you.
Nessos shoots an arrow.
The arrow hits you!
* * * LOW HITPOINT WARNING * * *
The arrow burns you.
You are poisoned.
* * * LOW HITPOINT WARNING * * *
Nessos shoots an arrow.
The arrow hits you!
* * * LOW HITPOINT WARNING * * *
The arrow burns you.
* * * LOW HITPOINT WARNING * * *
Blink to where?
Press: ? - help, Dir - move target cursor You are very lightly contaminated with residual magic.
As you read the scroll of blinking, it crumbles to dust.
You feel sick.
Nessos shoots an arrow.
The arrow hits you!!
You die...

........c....#
........ยง....#
........(....#
#......%.((..#
#.......(#(..#
#.......#.#(.## ###
#...##.####...###.# ####
## #.#......#
###.@.....### .
#.........##.## ..
#..............######..
#.....................##.
#>........<..##..#.......
............####.......#.
##..........# ##........
...........## #.......#.
...........# ###........#


You could see Nessos.

Vanquished Creatures
  Snorg (Lair:3)
  The ghost of Jawreze the Fencer, a journeyman MiBe of Trog (Lair:2)
  A hydra (Lair:3)
  2 two-headed ogres
  An unseen horror (D:7)
  A manticore (Lair:2)
  A black mamba (Lair:2)
  9 spiny frogs
  2 rime drakes
  3 komodo dragons (Lair:2)
  A hornet (Lair:2)
  3 hippogriffs
  7 yaks (Lair:1)
  A basilisk (Lair:2)
  The ghost of Gorglomux the Chopper, an amateur MiWr (D:3)
  2 nagas (Lair:2)
  A water moccasin (Lair:2)
  13 porcupines
  3 orc warriors
  A sky beast (D:9)
  An ice beast (D:6)
  3 black bears
  A necrophage (D:8)
  2 phantoms
  2 centaurs (D:5)
  5 ogres
  3 crocodiles (Lair:3)
  5 bullfrogs
  A wyvern skeleton (D:8)
  3 scorpions
  6 killer bees
  2 howler monkeys
  3 crimson imps
  A bullfrog zombie (D:5)
  A centaur zombie (D:8)
  A bullfrog skeleton (D:5)
  3 hounds
  2 jellies
  4 orc priests
  A gnoll shaman (D:6)
  5 orc wizards
  Natasha (thrice) (D:2)
  5 iguanas
  7 hell rats (Lair:4)
  9 worker ants
  A hound skeleton (D:5)
  A worker ant zombie (D:3)
  Robin (D:2)
  2 howler monkey skeletons
  9 gnolls
  16 adders
  2 shadow imps
  An ooze (D:4)
  An adder skeleton (D:8)
  6 worms
  3 dart slugs
  5 leopard geckos
  27 orcs
  3 ball pythons
  9 giant cockroaches
  22 goblins
  7 hobgoblins
  6 jackals
  2 quokkas
  A ball python skeleton (D:5)
  16 bats
  2 frilled lizards
  A jackal skeleton (D:4)
  A jackal zombie (D:6)
  6 kobolds
  7 rats
  A bush (Lair:2)
  12 fungi
  3 plants (D:9)
308 creatures vanquished.

Vanquished Creatures (others)
  An orc wizard (D:8)
  6 fungi
  2 plants
9 creatures vanquished.

Grand Total: 317 creatures vanquished

Notes
Turn   | Place    | Note
-------+----------+-------------------------------------------
     0 | D:1      | SedStubbie the Barachi Berserker began the quest for the Orb.
     0 | D:1      | Reached XP level 1. HP: 18/18 MP: 1/1
   274 | D:1      | Reached XP level 2. HP: 22/25 MP: 2/2
   669 | D:1      | Reached XP level 3. HP: 27/30 MP: 3/3
  1559 | D:2      | Reached skill level 4 in Axes
  1564 | D:2      | Reached XP level 4. HP: 11/38 MP: 4/4
  1814 | D:2      | Noticed Natasha
  1822 | D:2      | Killed Natasha
  1822 | D:2      | Reached ** piety under Trog
  2060 | D:2      | Found a basalt altar of Yredelemnul.
  2081 | D:2      | Noticed Natasha
  2090 | D:2      | Killed Natasha
  2090 | D:2      | Reached skill level 5 in Fighting
  2090 | D:2      | Reached XP level 5. HP: 44/44 MP: 5/5
  2128 | D:2      | Noticed Natasha
  2174 | D:2      | Noticed Robin
  2182 | D:2      | Killed Robin
  2337 | D:2      | Killed Natasha
  2697 | D:2      | Found a stormy altar of Qazlal.
  2752 | D:2      | Reached XP level 6. HP: 51/51 MP: 6/6
  2762 | D:2      | Reached skill level 5 in Axes
  2762 | D:2      | Reached skill level 5 in Armour
  3107 | D:2      | Gained mutation: You have a pair of small horns on your head. [potion of mutation]
  3107 | D:2      | Gained mutation: Your spells are a little easier to cast, but a little less powerful. [potion of mutation]
  3107 | D:2      | Lost mutation: Your spells are a little easier to cast, but a little less powerful. [potion of mutation]
  3153 | D:3      | Noticed Gorglomux's ghost (amateur MiWr)
  3158 | D:3      | Killed Gorglomux's ghost
  3158 | D:3      | Reached XP level 7. HP: 58/58 MP: 7/7
  3475 | D:3      | Reached *** piety under Trog
  3856 | D:3      | Found a hazy altar of Hepliaklqana.
  3857 | D:3      | Found a shimmering altar of Xom.
  3858 | D:3      | Noticed a spectral ugly thing
  4167 | D:4      | Reached skill level 6 in Axes
  4756 | D:4      | Found a hide-covered altar of Uskayaw.
  4756 | D:4      | Found a shattered altar of Ashenzari.
  4757 | D:4      | Found a deep blue altar of Sif Muna.
  4824 | D:4      | Reached XP level 8. HP: 67/67 MP: 8/8
  5105 | D:4      | Found an iron altar of Okawaru.
  5256 | D:5      | Entered Level 5 of the Dungeon
  5256 | D:5      | Found Vukoupho's Distillery.
  5263 | D:5      | Bought a potion of curing for 36 gold pieces
  5269 | D:5      | Got a transparent falchion
  5270 | D:5      | Identified the +2 falchion of Boxzam {elec, -Tele rPois rN++ Dex+4} (You found it on level 5 of the Dungeon)
  5427 | D:5      | Found Zin's Purification Station.
  5428 | D:5      | Found a glowing silver altar of Zin.
  5471 | D:5      | Found Raexzowe's Antique Weapon Shoppe.
  5549 | D:5      | Found Putog's Weapon Shop.
  5564 | D:5      | Identified a scroll of acquirement
  5565 | D:5      | Got a flickering silver ring
  5567 | D:5      | Identified the ring "Asup" {rPois Dex+4 Slay+5 SInv} (You acquired it on level 5 of the Dungeon)
  5630 | D:5      | Found Weypp's Antique Armour Shop.
  5633 | D:5      | Bought a brightly glowing chain mail for 209 gold pieces
  5643 | D:5      | Identified the +7 chain mail of Winter {*Slow rN+ Regen+ Stlth+} (You bought it in a shop on level 5 of the Dungeon)
  5702 | D:5      | Reached skill level 7 in Axes
  5716 | D:5      | Reached **** piety under Trog
  5777 | D:5      | Found Gusurph's Quality Used Wands.
  5989 | D:5      | Found Vamay's Food Emporium.
  6371 | D:6      | Reached XP level 9. HP: 75/75 MP: 9/9
  6412 | D:6      | Reached skill level 8 in Axes
  6674 | D:7      | Found a staircase to the Ecumenical Temple.
  6849 | D:7      | Noticed an unseen horror
  6853 | D:7      | Killed an unseen horror
  6853 | D:7      | Reached skill level 9 in Axes
  7333 | D:8      | Found Waplodumn's General Store.
  7666 | D:8      | Reached skill level 10 in Axes
  7666 | D:8      | Reached XP level 10. HP: 84/84 MP: 10/10
  7707 | D:8      | Noticed a two-headed ogre
  7715 | D:8      | Killed a two-headed ogre
  7715 | D:8      | Reached skill level 10 in Fighting
  8013 | D:9      | Found a staircase to the Lair.
  8045 | D:9      | Reached skill level 10 in Armour
  8047 | D:9      | Reached skill level 11 in Axes
  8149 | D:9      | Reached ***** piety under Trog
  8533 | D:9      | Noticed a two-headed ogre
  8542 | D:9      | Killed a two-headed ogre
  8678 | D:9      | Found an opulent altar of Gozag.
  8885 | Temple   | Entered the Ecumenical Temple
  8980 | Lair:1   | Entered Level 1 of the Lair of Beasts
  9149 | Lair:1   | Noticed a spiny frog
  9153 | Lair:1   | Killed a spiny frog
  9153 | Lair:1   | Reached skill level 12 in Axes
  9153 | Lair:1   | Reached XP level 11. HP: 93/93 MP: 11/11
  9935 | Lair:2   | Noticed Jawreze's ghost (journeyman MiBe)
  9946 | Lair:2   | Killed Jawreze's ghost
  9986 | Lair:2   | Noticed a manticore
  9987 | Lair:2   | Found a staircase to the Shoals.
  9989 | Lair:2   | Reached skill level 13 in Axes
  9999 | Lair:2   | Killed a manticore
 10025 | Shoals:1 | Entered Level 1 of the Shoals
 10025 | Shoals:1 | Noticed a sea snake
 10034 | Lair:2   | Found a staircase to the Snake Pit.
 10285 | Lair:2   | Reached XP level 12. HP: 93/102 MP: 12/12
 10292 | Lair:2   | Got an ancient ring mail
 10293 | Lair:2   | Identified the +4 ring mail "Upninnif" {Slay+3} (You found it on level 2 of the Lair of Beasts)
 10506 | Lair:3   | Noticed Snorg
 10562 | Lair:3   | Reached skill level 14 in Axes
 10682 | Lair:3   | Killed Snorg
 10750 | Lair:3   | Noticed a five-headed hydra
 10756 | Lair:3   | Killed a two-headed hydra
 11269 | Lair:4   | Received a gift from Trog
 11342 | Lair:4   | Noticed Nessos
 11360 | Lair:4   | Shot with an arrow by Nessos

Skill      XL: |  1  2  3  4  5  6  7  8  9 10 11 12 |
---------------+-------------------------------------+-----
Fighting       | 4 5 6 7 8 9 11 12 | 12.7
Armour         | 3 4 5 6 8 9 10 11 12 | 12.3
Axes           | 4 5 6 7 10 12 13 14 | 14.4
Dodging        | |  2.1

Action                   |  1- 3 |  4- 6 |  7- 9 | 10-12 || total
-------------------------+-------+-------+-------+-------++-------
Melee: Hand axe          |   104 |    85 |       |       ||   189
       War axe           |       |    13 |   282 |   274 ||   569
       Headbutt          |       |     1 |    54 |    63 ||   118
Invok: Berserk           |     1 |     5 |     3 |     6 ||    15
  Use: Scroll            |       |     7 |     5 |     8 ||    20
       Potion            |       |     3 |     3 |     2 ||     8
 Stab: Sleeping          |     2 |       |       |       ||     2
  Eat: Chunk             |     3 |    10 |    19 |    17 ||    49
       Royal jelly       |       |       |       |     1 ||     1
Armor: Animal skin       |    43 |    38 |    40 |       ||   121
       Chain mail        |       |       |    74 |   163 ||   237
       Plate armour      |       |       |     3 |       ||     3
       Scale mail        |       |       |     2 |       ||     2
Dodge: Dodged            |   111 |    78 |   160 |   113 ||   462
